 Dungeon Crawl Stone Soup version 0.29.1-1-gd02db6906a (webtiles) character file.

Game seed: 9734707318068512135

570 mtoz the Digger (level 7, -3/36 HPs)
             Began as a Gargoyle Earth Elementalist on Oct 2, 2022.
             Was an Initiate of Hepliaklqana.
             Slain by a gnoll
             ... wielding a +0 halberd
             ... led by a gnoll bouda
              (5 damage)
             ... on level 5 of the Dungeon.
             The game lasted 00:13:19 (3746 turns).

mtoz the Digger (Gargoyle Earth Elementalist)       Turns: 3746, Time: 00:13:20

Health: -3/36      AC:  6    Str: 11    XL:     7   Next: 34%
Magic:  7/12       EV: 12    Int: 18    God:    Hepliaklqana [......]
Gold:   174        SH:  0    Dex: 10    Spells: 3/13 levels left

rFire   . . .      SeeInvis .   (no weapon)
rCold   . . .      Faith    .   (no shield)
rNeg    + . .      Spirit   .   a - +0 robe
rPois   ∞          Reflect  .   (no helmet)
rElec   +          Harm     .   (no cloak)
rCorr   .          Rampage  .   (no gloves)
Will    .....                   (no boots)
Stlth   ++........              (no amulet)
HPRegen 0.12/turn               o - ring of wizardry
MPRegen 0.13/turn               (no ring)

@: about to teleport, studying Polearms
A: sickness immunity, AC +4, negative energy resistance 1, electricity
resistance, torment resistance 1, petrification resistance
a: Renounce Religion


You were on level 5 of the Dungeon.
You worshipped Hepliaklqana.
Hepliaklqana was noncommittal.
You visited 1 branch of the dungeon, and saw 4 of its levels.

You collected 174 gold pieces.

Inventory:

Armour
 a - a +0 robe (worn)
 h - a +0 ring mail
Jewellery
 o - a ring of wizardry (left hand)
Potions
 b - a potion of magic
 c - a potion of brilliance
 d - a potion of ambrosia
 e - 2 potions of curing {unknown}
 k - 2 potions of cancellation
 l - a potion of invisibility
 m - a potion of flight {unknown}


   Skills:
 + Level 3.1 Dodging
 + Level 4.4 Stealth
 + Level 3.7 Spellcasting
 + Level 2.7 Transmutations
 + Level 5.4 Earth Magic


You had 3 spell levels left.
You knew the following spells:

 Your Spells              Type           Power      Damage    Failure   Level
a - Sandblast             Erth           44%        2d11      1%          1
b - Passwall              Tmut/Erth      15%        N/A       1%          2
c - Stone Arrow           Conj/Erth      26%        3d8       6%          3
d - Petrify               Tmut/Erth      18%        N/A       12%         4

Your spell library contained the following spells:

 Spells                   Type           Power      Damage    Failure   Level
 Apportation              Tloc           6%         N/A       6%          1
 Animate Armour           Summ/Erth      26%        N/A       21%         4
 Alistair's Intoxication  Tmut/Pois      5%         N/A       65%         5
 Lehudib's Crystal Spear  Conj/Erth      6%         10d3      100%        8


Dungeon Overview and Level Annotations

Branches:
Dungeon (5/15)
 Temple: D:4-7

Altars:
Hepliaklqana
Vehumet
Xom

Shops:
D:5 [


Innate Abilities, Weirdness & Mutations

You are immune to sickness and miasma.
Your stone body is resilient. (AC +4)
You are immune to poison.
You resist negative energy. (rN+)
You are resistant to electric shocks. (rElec)
You are resistant to unholy torment.
You are immune to petrification.


Message History

The gnoll shouts! x2
Aiming: Sandblast (safe; 1% risk of failure)
Press: ? - help, Q - select action, (/) - cycle Shift-Dir - straight line, f/p - gnoll
Aim: a gnoll, wielding a +3 halberd (moderately wounded, 85% to hit)
The blast of sand hits the gnoll!
The gnoll is almost dead.
The gnoll bouda barks out a call to the hunt!
The gnolls pick up the pace!
The gnoll hits you from afar with a +3 halberd!
Aiming: Sandblast (safe; 1% risk of failure)
Press: ? - help, Q - select action, (/) - cycle Shift-Dir - straight line, f/p - gnoll
Aim: a gnoll, wielding a +3 halberd (almost dead, covering ground quickly, 85% to hit)
The blast of sand hits the gnoll!
You kill the gnoll!
The gnoll hits you from afar with a +0 halberd.
Aiming: Sandblast (safe; 1% risk of failure)
Press: ? - help, Q - select action, (/) - cycle Shift-Dir - straight line, f - gnoll
Aim: a gnoll, wielding a +0 flail (covering ground quickly, 85% to hit)
The blast of sand misses the gnoll.
The blast of sand hits the gnoll!
The gnoll is almost dead.
The gnoll closely misses you.
Aiming: Sandblast (safe; 1% risk of failure)
Press: ? - help, Q - select action, (/) - cycle Shift-Dir - straight line, f/p - gnoll
Aim: a gnoll, wielding a +0 flail (covering ground quickly, 85% to hit)
The blast of sand hits the gnoll!
The gnoll is almost dead.
The gnoll hits you but does no damage. The gnoll hits you with a +0 flail.
The gnoll closely misses you.
Aiming: Sandblast (safe; 1% risk of failure)
Press: ? - help, Q - select action, (/) - cycle Shift-Dir - straight line, f/p - gnoll
Aim: a gnoll, wielding a +0 flail (almost dead, covering ground quickly, 85% to hit)
The blast of sand hits the gnoll!
You kill the gnoll!
The gnoll hits you with a +0 flail. The gnoll hits you with a +0 flail!
* * * LOW HITPOINT WARNING * * *
As you read the scroll of teleportation, it crumbles to dust.
You feel strangely unstable.
The gnoll hits you from afar with a +0 halberd.
You die...

#.#.##..###.#........
#.#.##.#.#.#######.##
#.#.##.##.........
###....#.##.########
#.........#.#########
#.....#.............###.#..
#......#.........gg..)...#
#.#######.......#g###.#...∩
#......#..).....@## .. .
#.....#.........## .#
#...........#...# ..
###.##..##..#.#.# #.
#.........#.##.
####..###.#.# #.
#......#.####...
#..............#
#..#####.#######


You could see a gnoll bouda and 2 gnolls.

Vanquished Creatures
  An ogre (D:5)
  A scorpion (D:5)
  A jelly (D:5)
  5 hounds (D:5)
  2 orc priests
  6 adders
  3 gnolls
  A shadow imp (D:5)
  An ufetubus (D:3)
  4 worms
  2 dart slugs
  8 orcs
  3 ball pythons
  5 endoplasms
  7 giant cockroaches
  6 goblins
  2 hobgoblins
  3 jackals (D:3)
  A quokka (D:1)
  7 bats
  4 frilled lizards
  2 kobolds
  9 rats
84 creatures vanquished.

Notes
Turn   | Place    | Note
-------+----------+-------------------------------------------
     0 | D:1      | mtoz the Gargoyle Earth Elementalist began the quest for
                  | the Orb.
     0 | D:1      | Reached XP level 1. HP: 10/10 MP: 3/3
   404 | D:1      | Reached skill level 1 in Transmutations
   404 | D:1      | Reached XP level 2. HP: 15/15 MP: 1/5
   886 | D:1      | Reached skill level 4 in Earth Magic
   886 | D:1      | Reached XP level 3. HP: 19/19 MP: 1/6
  1689 | D:2      | Reached XP level 4. HP: 24/24 MP: 4/7
  1801 | D:2      | Learned a level 2 spell: Passwall
  1805 | D:2      | Learned a level 3 spell: Stone Arrow
  2207 | D:2      | Reached XP level 5. HP: 14/28 MP: 2/9
  2726 | D:3      | Noticed an ogre
  2797 | D:3      | Found a hazy altar of Hepliaklqana.
  2798 | D:3      | Found a shimmering altar of Xom.
  2799 | D:3      | Noticed a spectral ugly thing
  2804 | D:3      | Became a worshipper of Hepliaklqana the Forgotten
  3081 | D:3      | Found a faded altar of an unknown god.
  3091 | D:3      | Learned a level 4 spell: Petrify
  3232 | D:3      | Found a radiant altar of Vehumet.
  3233 | D:3      | You fall into a shaft and drop 2 floors!
  3233 | D:5      | Entered Level 5 of the Dungeon
  3241 | D:5      | Reached XP level 6. HP: 26/32 MP: 4/10
  3360 | D:5      | Reached skill level 5 in Earth Magic
  3594 | D:5      | Reached XP level 7. HP: 36/36 MP: 9/12
  3736 | D:5      | Found Amom's Antique Armour Boutique.
  3745 | D:5      | HP: 1/36 [gnoll/+0 flail[a gnoll bouda] (11)]
  3746 | D:5      | Slain by a gnoll

Illustrated notes

Levels and vault maps discovered:
D:1:      dpeg_arrival_long_road, layout_loops_corners
D:2:      layout_basic
D:3:      layout_basic, regret_index_temple_of_mockery,
          gammafunk_temple_overflow_arena,
          hellmonk_ecumenical_altar_slurped_away, serial_curves, eino_curves_04,
          eino_curves_02, eino_curves_03, cheibrodos_sewer_entry_bend
D:5:      layout_loops_ring, good_gods_temple_1, mainiacjoe_overflow_boulevard,
          mainiacjoe_overflow_cross_hatched, nicolae_gozag_seed_capital,
          serial_shops, nicolae_shop_advertising_works
          [nicolae_subvault_shop_adworks]

Skill      XL: |  1  2  3  4  5  6 |
---------------+-------------------+-----
Transmutations | 1 2 |  2.7
Earth Magic    | 4 5 |  5.4
Dodging        | 2 3 |  3.1
Stealth        | 3 4 |  4.4
Spellcasting   | 3 |  3.7

Action                   |  1- 3 |  4- 6 |  7- 9 || total
-------------------------+-------+-------+-------++-------
Melee: Unarmed           |       |     2 |       ||     2
       Punch             |       |     1 |       ||     1
 Cast: Sandblast         |    53 |    91 |    12 ||   156
  Use: Scroll            |       |    12 |     1 ||    13
Armor: Robe              |    13 |    14 |     1 ||    28
Dodge: Dodged            |    25 |    32 |     6 ||    63
